Map: Lerilak Crest

Players

Nerchio

  • Race: Zerg Zerg
  • League: Grandmaster

MarineLorD - Winner!

  • Race: Terran Terran
  • League: Grandmaster

Event: 2016 WCS Winter Challenger Europe

VOD

Have the link to the VOD?

Description

Time

  • Played on: Feb. 14, 2016, 2:24 p.m.
  • Length: 19:12

All games in this series

Show
View Real Time Build Order
Export as new Build Order

Nerchio Zerg 

Build Orders: Pool First 

Get SALT Encoding   

  12  0:01  Drone  
  13  0:12  Overlord  
  13  0:17  Drone  
  14  0:30  Drone x2  
  14  0:34  Drone  
  17  0:44  Spawning Pool  
  17  0:48  Drone  
  17  0:56  Drone  
  18  1:12  Hatchery  
  18  1:15  Drone  
  18  1:17  Extractor  
  17  1:20  Drone  
  18  1:31  Queen  
  20  1:33  Zergling x2  
  20  1:38  Drone  
  22  1:49  Overlord  
  22  2:06  Queen  
  22  2:07  Drone  
  25  2:12  Drone  
  26  2:17  Metabolic Boost  
  26  2:24  Queen  
  26  2:28  Zergling x2  
  26  2:29  Zergling x2  
  30  2:40  Zergling x4  
  30  2:41  Zergling x4  
  34  2:45  Overlord  
  34  2:48  Drone x2  
  35  3:03  Drone  
  35  3:04  Drone  
  37  3:06  Drone  
  37  3:10  Drone  
  39  3:14  Drone x2  
  39  3:15  Drone  
  42  3:22  Hatchery  
  42  3:25  Zergling x4  
  43  3:31  Overlord  
  43  3:48  Zergling x2  
  43  3:50  Zergling x4  
  43  3:52  Zergling x4  
  43  3:53  Zergling x6  
  43  3:54  Zergling x2  
  51  4:00  Zergling x2  
  50  4:03  Lair  
  50  4:05  Drone  
  50  4:07  Drone x2  
  50  4:08  Drone  
  51  4:11  Drone  
  51  4:17  Drone  
  51  4:20  Extractor  
  51  4:21  Extractor x2  
  51  4:22  Drone  
  49  4:31  Drone  
  49  4:33  Drone  
  49  4:34  Drone  
  49  4:35  Drone  
  51  4:39  Drone  
  49  4:46  Drone  
  49  4:51  Drone x3  
  52  4:52  Drone  
  52  4:57  Queen  
  52  4:59  Drone x2  
  55  5:00  Drone x2  
  55  5:02  Drone  
  55  5:03  Spire  
  56  5:07  Overlord  
  56  5:09  Drone  
  56  5:10  Roach Warren  
  56  5:12  Overlord  
  55  5:15  Drone  
  55  5:18  Drone  
  57  5:22  Drone  
  57  5:27  Zergling x2  
  57  5:28  Zergling x8  
  63  5:40  Zergling x6  
  66  5:43  Overlord  
  66  5:49  Roach  
  71  5:50  Roach x2  
  71  5:57  Drone x2  
  71  5:58  Overlord x2, Drone  
  72  6:06  Drone  
  72  6:07  Drone x4  
  75  6:13  Overlord  
  75  6:14  Overlord  
  75  6:15  Overlord  
  72  6:23  Mutalisk x4  
  77  6:26  Mutalisk  
  77  6:30  Mutalisk  
  81  6:33  Queen  
  81  6:36  Mutalisk  
  81  6:38  Mutalisk  
  87  6:41  Mutalisk  
  87  6:43  Mutalisk  
  87  6:46  Mutalisk  
  93  6:48  Drone  
  93  6:53  Drone  
  95  6:56  Glial Reconstitution  
  95  6:57  Evolution Chamber  
  95  6:59  Drone x2  
  95  7:00  Evolution Chamber  
  95  7:02  Drone  
  95  7:05  Extractor x2  
  95  7:06  Drone  
  95  7:08  Drone x2  
  95  7:09  Drone x2, Infestation Pit  
  95  7:11  Drone x2  
  95  7:12  Drone  
  95  7:15  Drone  
  102  7:18  Overlord  
  102  7:20  Overseer  
  102  7:22  Overlord  
  102  7:34  Roach x3  
  106  7:37  Zerg Ground Armor Level 1  
  106  7:38  Zerg Melee Weapons Level 1  
  106  7:42  Roach  
  108  7:45  Roach  
  108  7:49  Hive  
  110  7:56  Hatchery  
  109  7:58  Roach x5  
  117  8:07  Overlord  
  117  8:09  Roach x5  
  117  8:12  Overlord, Roach  
  129  8:15  Overlord  
  129  8:17  Overlord  
  129  8:20  Overlord  
  131  8:27  Roach x4  
  131  8:31  Overlord  
  137  8:36  Ravager x5  
  137  8:37  Drone  
  137  8:38  Drone x3  
  137  8:39  Drone  
  137  8:41  Drone  
  140  8:56  Roach  
  140  8:58  Infestor, Roach  
  140  8:59  Roach  
  140  9:01  Infestor  
  135  9:03  Roach  
  135  9:04  Roach x3  
  135  9:06  Queen x2  
  135  9:09  Queen  
  135  9:21  Ultralisk Cavern  
  135  9:22  Roach x4  
  142  9:25  Zergling x8  
  142  9:26  Zergling x2  
  142  9:27  Zergling x2  
  142  9:29  Zergling x2  
  149  9:32  Extractor, Ravager  
  149  9:34  Extractor  
  148  9:46  Roach x10  
  148  9:51  Roach  
  148  9:52  Roach  
  167  9:55  Ravager x2  
  167  9:56  Roach  
  167  9:59  Roach  
  165  10:00  Roach  
  165  10:03  Roach  
  165  10:09  Roach  
  165  10:10  Roach x3  
  165  10:13  Roach  
  151  10:15  Roach  
  151  10:17  Roach  
  132  10:22  Drone x4  
  130  10:30  Chitinous Plating  
  130  10:33  Drone x2  
  132  10:41  Overseer  
  132  10:44  Overseer, Spore Crawler  
  132  10:45  Hatchery  
  126  10:51  Drone x2  
  126  10:52  Drone  
  126  10:53  Drone x2  
  126  10:56  Zerg Ground Armor Level 2  
  130  11:13  Ultralisk  
  136  11:19  Ultralisk  
  136  11:20  Hatchery  
  141  11:32  Ultralisk  
  147  11:33  Queen  
  147  11:36  Zergling x8  
  147  11:37  Zergling x2  
  152  11:41  Zergling x2  
  152  11:46  Zergling x4  
  149  11:47  Zergling x2  
  149  11:50  Zergling x2  
  149  11:51  Extractor, Zergling x2  
  151  11:56  Extractor  
  151  11:57  Overlord  
  146  12:17  Zerg Melee Weapons Level 2  
  146  12:18  Spire  
  146  12:22  Ultralisk  
  149  12:25  Overlord  
  149  12:26  Overlord  
  149  12:29  Overlord  
  149  12:33  Drone x2  
  149  12:36  Ravager x3  
  153  12:39  Drone  
  153  12:40  Drone x2  
  153  12:42  Overlord  
  156  12:49  Corruptor  
  156  12:50  Corruptor  
  160  12:54  Corruptor  
  162  13:02  Zergling x14  
  162  13:05  Corruptor  
  169  13:12  Overlord x2  
  155  13:28  Ultralisk x2  
  127  13:40  Extractor, Zergling x8  
  127  13:41  Zergling x22  
  133  13:49  Ultralisk  
  137  13:58  Zergling x4  
  137  13:59  Zergling x8  
  143  14:02  Zergling x2  
  143  14:03  Zergling x4  
  144  14:16  Zergling x18  
  151  14:19  Zergling x6  
  132  14:29  Ultralisk  
  138  14:36  Pneumatized Carapace  
  138  14:40  Ultralisk  
  144  14:49  Ultralisk  
  150  14:58  Ultralisk  
  116  15:08  Ultralisk  
  122  15:15  Ultralisk  
  124  15:25  Zergling x12  
  130  15:33  Ultralisk  
  136  15:45  Zergling x6  
  136  15:47  Zergling x2  
  136  15:48  Zergling x2  
  141  15:51  Zergling x6  
  141  15:52  Zergling x10  
  148  15:58  Infestor x2  
  148  16:00  Infestor  
  152  16:08  Corruptor  
  146  16:27  Hatchery  
  130  16:42  Zergling x2  
  130  16:43  Zergling x14  
  130  16:48  Infestor  
  130  16:53  Infestor  
  102  17:04  Infestor  
  102  17:05  Infestor  
  106  17:11  Infestor  
  106  17:12  Infestor  
  107  17:20  Zergling x6  
  101  17:47  Ultralisk  
  101  17:49  Hatchery  
  106  17:51  Zergling x4  
  106  17:52  Zergling x4  
  112  18:13  Ultralisk  
  112  18:21  Corruptor  
  112  18:36  Queen  
  105  18:49  Zergling x6  
Show
View Real Time Build Order
Export as new Build Order

MarineLorD Terran - Winner!

Build Orders: Reaper Expand, MMM Bio 

Get SALT Encoding   

  12  0:00  SCV  
  13  0:12  SCV  
  14  0:17  Supply Depot  
  14  0:24  SCV  
  15  0:38  SCV  
  15  0:39  Barracks  
  16  0:45  Refinery  
  16  0:51  SCV  
  17  1:03  SCV  
  18  1:15  SCV  
  19  1:27  Reaper, Orbital Command  
  20  1:41  Command Center  
  20  1:52  Supply Depot  
  20  1:53  SCV  
  21  1:59  Marine  
  22  2:05  SCV  
  23  2:10  Factory  
  23  2:15  Refinery  
  23  2:17  SCV  
  23  2:22  Barracks Reactor  
  24  2:29  SCV  
  25  2:41  SCV  
  26  2:53  SCV  
  26  2:56  Widow Mine, Starport  
  29  2:59  Marine x2  
  31  3:06  SCV, Orbital Command  
  31  3:10  Bunker  
  32  3:17  Marine x2  
  32  3:18  SCV  
  35  3:25  Factory Tech Lab  
  35  3:30  SCV  
  35  3:32  SCV  
  35  3:33  Medivac  
  39  3:35  Marine x2  
  39  3:39  Supply Depot  
  41  3:43  SCV  
  41  3:44  SCV  
  43  3:53  Marine  
  43  3:54  Marine  
  43  3:55  SCV  
  40  3:56  SCV  
  37  4:08  Liberator, SCV  
  37  4:11  Marine  
  37  4:12  Marine  
  37  4:16  SCV  
  39  4:20  Siege Tank, SCV  
  43  4:29  Marine  
  46  4:32  SCV  
  46  4:44  SCV  
  42  4:52  Marine x2  
  41  4:56  SCV  
  41  4:57  SCV  
  41  4:58  Liberator  
  43  5:09  SCV x2  
  43  5:10  Factory Reactor  
  45  5:21  SCV  
  49  5:22  SCV  
  49  5:26  Marine  
  49  5:27  Supply Depot  
  51  5:29  Supply Depot  
  51  5:31  Stimpack  
  51  5:33  SCV  
  51  5:34  SCV  
  53  5:43  Marine  
  53  5:49  SCV x2  
  56  5:52  Supply Depot  
  56  6:01  SCV x2  
  56  6:04  Command Center, Marine  
  58  6:09  Factory Reactor  
  58  6:11  Liberator x2  
  56  6:13  SCV x2  
  58  6:23  Marine  
  59  6:25  SCV x2  
  65  6:36  Barracks  
  65  6:37  SCV x2  
  67  6:40  Barracks  
  67  6:41  Refinery, Engineering Bay x2, Marine  
  67  6:44  Refinery  
  68  6:49  SCV x2, Widow Mine x2  
  74  6:56  Supply Depot  
  74  6:58  Supply Depot  
  74  7:02  SCV x2  
  76  7:09  Engineering Bay x2  
  76  7:12  Liberator x2  
  76  7:14  Terran Infantry Weapons Level 1, SCV x2  
  77  7:26  SCV x2  
  85  7:34  Marine x2  
  86  7:38  SCV, Combat Shields  
  86  7:41  Orbital Command  
  86  7:42  Missile Turret  
  86  7:43  Factory Tech Lab  
  87  7:44  Marine x2  
  87  7:50  SCV  
  90  7:51  Missile Turret  
  90  7:52  SCV  
  90  7:53  Refinery  
  90  8:00  Marine x2  
  90  8:01  Marine  
  90  8:02  SCV  
  90  8:04  SCV  
  95  8:08  Siege Tank  
  95  8:09  Barracks  
  95  8:11  Barracks, Terran Infantry Armor Level 1  
  95  8:12  SCV  
  99  8:14  SCV  
  99  8:17  Marine x2  
  102  8:20  Medivac  
  102  8:21  Medivac  
  102  8:22  Marine x2  
  102  8:24  Marine  
  109  8:27  Supply Depot  
  109  8:30  Supply Depot  
  109  8:41  Supply Depot  
  109  8:42  Supply Depot  
  109  8:47  Supply Depot  
  109  8:48  Siege Tank, SCV x3, Marine x2  
  109  8:50  Supply Depot  
  109  8:52  Marine  
  117  8:59  Marine  
  117  9:00  SCV x3  
  118  9:03  Barracks Tech Lab  
  118  9:09  Marine x2  
  118  9:10  Marauder  
  118  9:11  Barracks Tech Lab  
  118  9:13  SCV x3  
  123  9:22  Armory  
  123  9:23  Refinery, Siege Tank  
  126  9:25  SCV  
  126  9:26  Factory  
  126  9:27  Concussive Shells, Marine x2  
  126  9:29  Marauder, Medivac  
  126  9:31  Medivac  
  135  9:32  Marauder  
  136  9:40  Orbital Command  
  136  9:41  Marauder, Marine  
  136  9:44  Marine x2  
  136  9:45  Marine  
  130  9:50  Marauder  
  131  9:53  Marine  
  131  9:55  Siege Tank  
  131  9:59  Marine  
  133  10:02  Marauder, Marine x2  
  134  10:10  Marine  
  134  10:11  Marauder, Marine  
  133  10:16  Marine  
  133  10:20  Marine x2  
  113  10:23  Marauder  
  109  10:28  Terran Infantry Weapons Level 2, Terran Infantry Armor Level 2  
  109  10:29  Terran Vehicle Weapons Level 1  
  109  10:34  Missile Turret, Marine x2  
  108  10:35  Marine  
  108  10:36  Liberator  
  108  10:37  Liberator  
  108  10:39  Marine x2  
  108  10:42  Marine  
  112  10:44  Marine  
  111  10:51  Factory Tech Lab  
  111  10:52  Marine  
  111  10:54  Marauder, Marine  
  121  10:57  Marine x2  
  121  11:00  Marine  
  121  11:02  Marine  
  123  11:09  Siege Tank  
  123  11:10  Marine  
  127  11:12  Marine  
  127  11:15  Marauder, Marine x2  
  132  11:18  Marauder  
  132  11:20  Marine  
  133  11:25  Supply Depot  
  133  11:26  Supply Depot  
  133  11:27  Siege Tank  
  133  11:28  Supply Depot, Marine  
  133  11:30  Marine  
  138  11:36  Marauder  
  138  11:38  Marine  
  141  11:47  Marauder, Siege Tank, Marine x3  
  141  11:50  Supply Depot  
  141  11:51  Marine  
  141  11:52  Supply Depot  
  150  11:56  Liberator, Marine  
  150  11:58  Marauder  
  150  11:59  Siege Tank  
  156  12:05  Marauder, Marine x2  
  153  12:13  Ghost Academy  
  156  12:18  Marine  
  156  12:19  Marauder, Thor  
  156  12:20  Marine  
  156  12:21  Marine  
  167  12:23  Marine x2  
  169  12:44  Terran Vehicle Weapons Level 2  
  169  12:45  Terran Infantry Weapons Level 3, Terran Infantry Armor Level 3  
  169  12:52  Thor  
  175  13:04  Thor  
  181  13:21  Marine x2  
  181  13:22  Marine x2  
  181  13:23  Marauder x2  
  181  13:24  Marauder  
  144  13:39  Marine x2  
  144  13:40  Marine x2  
  148  13:41  Widow Mine  
  148  13:45  Marauder x3  
  156  13:52  Siege Tank  
  156  13:53  Medivac x2  
  162  13:57  Marine x2  
  162  13:58  Marine x2  
  159  14:06  Marauder x2  
  159  14:07  Marauder  
  165  14:10  Siege Tank  
  165  14:11  Liberator  
  165  14:14  Liberator, Marine x2  
  165  14:16  Marine x2  
  145  14:27  Marauder x2  
  145  14:28  Marauder  
  134  14:32  Marine x2  
  134  14:33  Marine  
  140  14:44  Thor  
  146  14:49  Marauder x2  
  146  14:52  Marauder  
  152  14:53  Marine x2  
  152  14:57  Marine  
  146  15:01  Marine  
  146  15:02  Orbital Command  
  134  15:10  Marine x2  
  134  15:11  Marine x2  
  134  15:14  Marauder  
  140  15:15  Marine  
  140  15:20  Marine  
  140  15:21  Liberator x2  
  145  15:29  Marine x2  
  145  15:33  Siege Tank, Marine  
  151  15:42  Bunker  
  154  15:48  Marine  
  155  15:51  Marine  
  155  15:52  Marine  
  155  15:53  Marine  
  158  16:02  Marine x2  
  159  16:08  Marine  
  159  16:09  Marine  
  159  16:11  Siege Tank x2, Marine  
  164  16:17  Supply Depot  
  165  16:23  Medivac, Marine x2  
  165  16:26  Marauder  
  165  16:35  Medivac  
  165  16:38  Marauder, Marine  
  166  16:42  Marauder  
  137  16:47  Marauder  
  127  16:56  Medivac  
  127  16:57  Marine  
  127  16:59  Marauder  
  132  17:02  Marine  
  130  17:10  Marauder  
  132  17:17  Orbital Command  
  132  17:18  Marine  
  133  17:25  Marine  
  132  17:44  Marine x2  
  132  17:47  Marine  
  135  17:54  Marine  
  136  18:02  Marauder, Marine x2  
  141  18:07  Liberator  
  141  18:08  Orbital Command  
  141  18:09  Siege Tank  
  143  18:14  Siege Tank  
  143  18:16  Marine  
  143  18:17  Marine  
  136  18:45  Marauder, Marine  
  136  18:47  Marauder  
  135  18:49  Marauder  
Tags
 
Add a new tag
Caveats
  • Supply blocks, unpowered buildings, or Contaminate may cause inaccurate times.
  • Supply counts are checked every 10 seconds.